 Dungeon Crawl Stone Soup version 0.30-a0-722-g3e6e8c874d (webtiles) character file.

Game seed: 13273825547964640636

10278 Bnni the Skirmisher (level 11, 0/71 (86) HPs)
             Began as a Formicid Hexslinger on Jan 28, 2023.
             Was a Believer of Dithmenos.
             Slain by a small abomination (15 damage)
             ... on level 3 of the Abyss.
             The game lasted 00:32:00 (11376 turns).

Bnni the Skirmisher (Formicid Hexslinger)          Turns: 11376, Time: 00:32:00

HP:   0/71 (86)     AC:  5    Str: 16      XL:     11   Next: 90%
MP:   24/24         EV: 12    Int: 10 (14) God:    Dithmenos [**....]
Gold: 582           SH:  0    Dex: 16      Spells: 3/16 levels left

rFire   . . .      SeeInvis +    H - +0 arbalest
rCold   . . .      Faith    .    (no shield)
rNeg    . . .      Spirit   .    J - +0 troll leather armour
rPois   +          Reflect  .    (helmet unavailable)
rElec   .          Harm     .    (no cloak)
rCorr   .          Rampage  .    l - +0 pair of gloves
Will    +....                    (no boots)
Stlth   ++                       (no amulet)
HPRegen 1.11/turn                x - ring of poison resistance
MPRegen 0.19/turn                E - ring of magical power

@: wreathed by umbra, heavily drained
A: permanent stasis, dig shafts and tunnels, antennae 3, four strong arms
a: Dig, Shaft Self, Renounce Religion, Shadow Step


You were on level 3 of the Abyss.
You worshipped Dithmenos.
Dithmenos was pleased with you.
You visited 2 branches of the dungeon, and saw 10 of its levels.
You visited the Abyss 1 time.
You also visited: Ossuary.

You collected 582 gold pieces.

Inventory:

Hand Weapons
 A - a +0 shortbow
 H - a +0 arbalest (weapon)
Missiles
 F - 2 throwing nets
 L - 13 curare-tipped darts
Armour
 a - a +0 tower shield
 l - a +0 pair of gloves (worn)
 n - a +0 kite shield
 J - a +0 troll leather armour (worn)
Jewellery
 x - a ring of poison resistance (left hand)
 z - a ring of wizardry
 E - a ring of magical power (right hand)
Wands
 C - a wand of quicksilver (3)
 D - a wand of polymorph (9)
 G - a wand of flame (19)
Scrolls
 b - 4 scrolls of vulnerability {unknown}
 d - a scroll of torment {unknown}
 g - 2 scrolls of fear {unknown}
 j - 3 scrolls of noise {unknown}
 k - a scroll of magic mapping
 o - a scroll of silence
 p - 5 scrolls of fog {unknown}
 r - 2 scrolls of acquirement {unknown}
 u - 3 scrolls of teleportation {unknown}
 w - 2 scrolls of amnesia {unknown}
 y - a scroll of poison
 B - 2 scrolls of immolation {unknown}
 I - 2 scrolls of enchant weapon
Potions
 c - 3 potions of heal wounds
 e - 2 potions of might
 h - 4 potions of curing
 i - 3 potions of magic
 m - 2 potions of flight
 q - 6 potions of mutation
 t - a potion of ambrosia {unknown}
 v - 2 potions of cancellation {unknown}
 K - a potion of brilliance {unknown}


   Skills:
 + Level 8.2 Fighting
 * Level 10.8 Ranged Weapons
 - Level 4.0 Armour
 - Level 1.7 Dodging
 + Level 6.7 Shields
 - Level 3.0 Spellcasting
 - Level 10.0 Hexes
 - Level 3.0 Translocations
 - Level 5.0 Transmutations
 - Level 3.0 Fire Magic


You had 3 spell levels left.
You knew the following spells:

 Your Spells              Type           Power      Damage    Failure   Level
a - Slow                  Hex            84%        N/A       1%          1
b - Inner Flame           Hex/Fire       14%        N/A       7%          3
c - Portal Projectile     Hex/Tloc       28%        N/A       7%          3
d - Cause Fear            Hex            10%        N/A       5%          4
w - Wereblood             Tmut           11%        N/A       6%          2

Your spell library contained the following spells:

 Spells                   Type           Power      Damage    Failure   Level
 Confusing Touch          Hex            21%        N/A       1%          3
 Beastly Appendage        Tmut           22%        N/A       4%          1
 Lesser Beckoning         Tloc           14%        N/A       14%         2
 Momentum Strike          Conj/Tloc      8%         3d8       26%         2
 Freeze                   Ice            4%         1d3       32%         1
 Kiss of Death            Conj/Necr      4%         2d5       32%         1
 Spider Form              Tmut/Pois      6%         N/A       34%         3
 Sublimation of Blood     Necr           1%         N/A       45%         2
 Frozen Ramparts          Ice            2%         1d1       69%         3
 Hailstorm                Conj/Ice       1%         3d3       69%         3
 Dispel Undead            Necr           1%         3d6       97%         4
 Summon Hydra             Summ           0%         N/A       100%        7
 Blink                    Tloc           Unusable   N/A       N/A         2

Dungeon Overview and Level Annotations

Branches:
Dungeon (9/15)             Temple (1/1) D:6             Orc (0/2) D:9
Ossuary (visited)
   Lair: D:8-11

Altars:
Ashenzari
Dithmenos
Elyvilon
Fedhas
Hepliaklqana
Kikubaaqudgha
Nemelex Xobeh
Okawaru
Sif Muna
Trog
Uskayaw
Vehumet
Wu Jian
Xom

Shops:
D:2 !   D:4 =

Annotations:
D:9 exclusion: orange crystal statue


Innate Abilities, Weirdness & Mutations

You cannot be hasted, slowed, berserked, paralysed or teleported.
You can dig through walls and to a lower floor.
You have a pair of large antennae on your head. (SInv)
Your four strong arms can wield two-handed weapons with a shield.


Message History

You swap places.
Your butterfly is engulfed in blessed fire.
Your butterfly dies!
Your butterfly disappears in a burst of colours!
The bone dragon bites your butterfly.
Your butterfly dies!
Your butterfly disappears in a burst of colours!
You swap places.
The bone dragon bites your butterfly!!
Your butterfly dies!
Your butterfly disappears in a burst of colours!
A chaos spawn comes into view.
You swap places.
The bone dragon barely misses your butterfly. x2
The bone dragon completely misses your butterfly.
You swap places.
The bone dragon bites your butterfly!!
Your butterfly dies!
Your butterfly disappears in a burst of colours!
The bone dragon bites your butterfly!
Your butterfly dies!
Your butterfly disappears in a burst of colours!
A small abomination comes into view.
The starcursed mass shrieks in your mind.
* * * LOW HITPOINT WARNING * * *
You enter the shallow water.
Moving in this stuff is going to be slow.
A raiju comes into view.
The raiju barks!
The small abomination attacks as you move away!
The small abomination closely misses you.
A tentacled starspawn comes into view.
The small abomination closely misses you.
The raiju bursts into living lightning!
The living lightning hits you!
* * * LOW HITPOINT WARNING * * *
The raiju blinks! x2; The raiju bites you but does no damage.
The small abomination hits you but does no damage.
The small abomination attacks as you move away!
The small abomination hits you!
You die...

~≈~..# #b#...b###
~~~~#.# # {.#{.b.#
#≈X§~..##.b.b#.#{#
##≈~~~#.##.{{###{.#
#..~~~♣~####..# . #
.#..~~~~b#....# ###
.. .≈§~≈≈~.###....#
#.#.hx~≈≈.# #..#
#.@≈b~≈~♣... #..
#...#.##~♣~~#...
##. #..#~~≈~~~.#.
.. ..#.#.~~~≈~#..
#. ...###.#.≈~≈# #.
.##.. ..#.... # ..
... ##.#. ###


You could see a tentacled starspawn, a raiju and a small abomination.

Vanquished Creatures
  The ghost of fly the Nimble, a journeyman DgDe (D:9)
  Joseph (D:8)
  A kobold demonologist (D:9)
  Sigmund (D:6)
  29 yaks
  2 wyverns
  A wraith (D:9)
  2 steam dragons
  Menkaure (D:7)
  An acid dragon (D:8)
  A water moccasin (D:8)
  Duvessa (D:7)
  6 orc warriors
  A black bear (D:6)
  3 ogres
  2 centaurs (D:6)
  Blork the orc (D:5)
  7 kobold brigands
  2 bullfrogs
  4 necrophages
  2 scorpions
  A water moccasin zombie (Ossuary)
  8 wights
  Dowan (D:7)
  4 howler monkeys
  2 hounds
  A jelly (D:7)
  6 orc priests (D:9)
  A gnoll bouda (D:9)
  4 iguanas
  5 orc wizards
  2 mummies (Ossuary)
  11 gnolls
  5 adders
  2 shadow imps
  A white imp (D:7)
  4 ufetubi
  6 adder zombies (Ossuary)
  A worm (D:4)
  2 dart slugs
  31 orcs
  8 bats
  6 endoplasms
  3 giant cockroaches
  3 gnoll zombies (Ossuary)
  10 goblins
  10 hobgoblins
  7 jackals (D:1)
  9 kobolds
  4 quokkas
  3 ball pythons (D:2)
  2 frilled lizards (D:1)
  4 hobgoblin zombies (Ossuary)
  2 kobold zombies (Ossuary)
  5 orc zombies (Ossuary)
  13 rats
  A butterfly (D:3)
258 creatures vanquished.

Vanquished Creatures (others)
  3 plants
  12 starspawn tentacles (Abyss:3)
15 creatures vanquished.

Grand Total: 273 creatures vanquished

Notes
Turn   | Place    | Note
-------+----------+-------------------------------------------
     0 | D:1      | Bnni the Formicid Hexslinger began the quest for the Orb.
     0 | D:1      | Reached XP level 1. HP: 15/15 MP: 2/2
    88 | D:1      | Reached XP level 2. HP: 21/21 MP: 3/3
   184 | D:1      | Reached skill level 1 in Fire Magic
   196 | D:1      | Reached XP level 3. HP: 18/26 MP: 4/4
   209 | D:1      | Learned a level 3 spell: Inner Flame
   710 | D:2      | Reached XP level 4. HP: 32/32 MP: 6/6
  1257 | D:2      | Found Guonkomo's Distillery.
  1466 | D:3      | Found a broken altar of Ashenzari.
  1482 | D:3      | Reached XP level 5. HP: 17/38 MP: 3/8
  1516 | D:3      | Reached XP level 6. HP: 11/44 MP: 4/9
  1833 | D:3      | Found a shimmering altar of Xom.
  2128 | D:3      | Found a faded altar of an unknown god.
  2346 | D:4      | Noticed a yak
  2348 | D:4      | Noticed a yak
  2375 | D:3      | Learned a level 4 spell: Cause Fear
  2526 | D:4      | Found Kina's Jewellery Shoppe.
  2568 | D:4      | Noticed a yak
  2577 | D:4      | Noticed a yak
  2578 | D:4      | Noticed a yak
  2580 | D:4      | Killed a yak
  2581 | D:4      | Reached skill level 5 in Hexes
  2581 | D:4      | Killed a yak
  2582 | D:4      | Reached XP level 7. HP: 23/51 MP: 3/11
  2591 | D:4      | Killed a yak
  2592 | D:4      | Reached skill level 1 in Translocations
  2670 | D:4      | Killed a yak
  2671 | D:4      | Reached XP level 8. HP: 23/58 MP: 3/12
  2796 | D:4      | Learned a level 3 spell: Portal Projectile
  2799 | D:4      | Learned a level 2 spell: Wereblood
  2893 | D:4      | Killed a yak
  2894 | D:4      | Reached skill level 5 in Ranged Weapons
  3329 | D:5      | Entered Level 5 of the Dungeon
  3995 | D:5      | Noticed Blork the orc
  4013 | D:5      | Killed Blork the orc
  4014 | D:5      | Reached XP level 9. HP: 46/65 MP: 10/13
  4971 | D:6      | Found a sand-covered staircase.
  4990 | Ossuary  | Entered an ossuary
  5299 | D:6      | Reached skill level 1 in Transmutations
  5450 | D:6      | Found a staircase to the Ecumenical Temple.
  5473 | Temple   | Entered the Ecumenical Temple
  5503 | Temple   | Became a worshipper of Dithmenos the Shadowed
  5629 | D:6      | Reached skill level 5 in Fighting
  6294 | D:6      | Noticed Sigmund
  6300 | D:6      | Killed Sigmund
  6614 | D:7      | Noticed Duvessa
  6614 | D:7      | Noticed Dowan
  6628 | D:7      | Killed Duvessa
  6768 | D:7      | Killed Dowan
  6798 | D:7      | Noticed Menkaure
  6809 | D:6      | Reached XP level 10. HP: 50/76 MP: 12/14
  6902 | D:7      | Killed Menkaure
  6920 | D:7      | Reached skill level 1 in Shields
  7230 | D:7      | Found an ornate altar of the Wu Jian Council.
  7237 | D:7      | Found a shimmering blue altar of Sif Muna.
  7472 | D:8      | Noticed Joseph
  7477 | D:8      | Killed Joseph
  7638 | D:8      | You fall into a shaft and drop 1 floor!
  8014 | D:8      | Reached * piety under Dithmenos
  8938 | D:9      | Found a runed translucent gate.
  8938 | D:9      | Noticed fly's ghost (journeyman DgDe)
  8940 | D:9      | Found a runed translucent gate.
  8940 | D:9      | Noticed a kobold demonologist
  8941 | D:9      | Found a runed translucent gate.
  9020 | D:9      | Reached skill level 1 in Armour
  9033 | D:9      | Reached skill level 10 in Hexes
  9033 | D:9      | Reached XP level 11. HP: 22/84 MP: 2/15
  9397 | D:9      | Reached ** piety under Dithmenos
  9504 | D:9      | Reached skill level 5 in Shields
  9590 | D:9      | Reached skill level 5 in Transmutations
  9605 | D:9      | Reached skill level 10 in Ranged Weapons
  9658 | D:9      | Found a staircase to the Orcish Mines.
 10214 | D:9      | Noticed an orange crystal statue
 10221 | D:9      | Noticed a two-headed ogre
 10667 | D:9      | Killed fly's ghost
 10675 | D:9      | Reached *** piety under Dithmenos
 11142 | D:9      | Noticed a wizard
 11159 | Abyss:2  | Cast into level 2 of the Abyss (a wizard)
 11247 | Abyss:2  | Noticed a tentacled starspawn
 11251 | Abyss:3  | Found a corrupted altar of Lugonu.
 11251 | Abyss:3  | Found a corrupted altar of Lugonu.
 11258 | Abyss:3  | Found a corrupted altar of Lugonu.
 11265 | Abyss:3  | Noticed a bone dragon
 11300 | Abyss:3  | Noticed a tentacled starspawn
 11305 | Abyss:3  | Noticed a sixfirhy
 11324 | Abyss:3  | Noticed a tentacled starspawn
 11332 | Abyss:3  | Noticed a wretched star
 11347 | Abyss:3  | Noticed an ophan
 11351 | Abyss:3  | Noticed a starcursed mass
 11374 | Abyss:3  | Noticed a tentacled starspawn
 11376 | Abyss:3  | Slain by a small abomination

Illustrated notes

Levels and vault maps discovered:
D:1:      dpeg_arrival_shrine, layout_basic
D:2:      layout_basic, serial_rivers, chequers_serial_rivers_micro_a,
          chequers_serial_rivers_micro_c, chequers_serial_rivers_marsh,
          chequers_serial_rivers_small_b, serial_shops, shop
D:3:      layout_basic, xom_butterflies, mainiacjoe_overflow_chevrons,
          basic_ecumenical_altar
D:4:      layout_basic, serial_shops, shop, minmay_misc_feat_ornament,
          item_on_display_a
D:5:      layout_loops_ring, uniq_blork_the_orc
D:6:      layout_basic, minmay_temple_entry_overgrown,
          nicolae_ossuary_entry_ruins, uniq_sigmund
D:7:      layout_rooms, mainiacjoe_overflow_catwalk_spiral, uniq_menkaure,
          uniq_duvessa
D:8:      layout_basic, uniq_joseph
D:9:      layout_loops_ring, erik_orc_4, gammafunk_ghost_nasty_kobolds,
          minmay_statue_bubble
Temple:   eino_narrow_crystal_temple
Abyss:3:  base: D:7, guppyfry_abyss_exit_spiral_guarded, evilmike_abyss_exit_16,
          evilmike_abyss_rune_ettins, gammafunk_abyss_exit_x_factor,
          spicy_abyss_helpful_harpoons

Skill      XL: |  1  2  3  4  5  6  7  8  9 10 11 |
---------------+----------------------------------+-----
Fire Magic     | 1 2 3 |  3.0
Hexes          | 4 5 6 7 9 10 | 10.0
Fighting       | 2 3 4 5 7 8 |  8.2
Ranged Weapons | 3 4 5 7 9 10 | 10.8
Spellcasting   | 2 3 |  3.0
Translocations | 1 2 3 |  3.0
Transmutations | 3 4 5 |  5.0
Shields        | 4 6 |  6.7
Armour         | 2 4 |  4.0
Dodging        | |  1.7

Action                     |  1- 3 |  4- 6 |  7- 9 | 10-12 || total
---------------------------+-------+-------+-------+-------++-------
   Fire: Sling             |   112 |   136 |   391 |       ||   639
         Shortbow          |       |       |    59 |   185 ||   244
         Arbalest          |       |       |       |   204 ||   204
  Throw: Dart              |       |       |     7 |     4 ||    11
         Throwing net      |       |       |       |     1 ||     1
   Cast: Inner Flame       |       |     1 |    20 |    30 ||    51
         Slow              |       |     4 |    35 |     8 ||    47
         Cause Fear        |       |     1 |     1 |     3 ||     5
         Wereblood         |       |       |     1 |       ||     1
         Portal Projectile |       |       |       |    13 ||    13
Ability: Dig               |       |       |       |     3 ||     3
    Use: Scroll            |       |     7 |     2 |     3 ||    12
         Potion            |       |       |     1 |     2 ||     3
 Armour: Robe              |    10 |     8 |    60 |     3 ||    81
         Troll leather arm |       |       |       |    56 ||    56
  Dodge: Dodged            |    45 |    25 |   186 |   163 ||   419

Table legend: (Time is in decaauts)
 A = Elapsed time spent in this place.
 B = Non-inter-level travel time spent in this place.
 C = Inter-level travel time spent in this place.
 D = Time resting spent in this place.
 E = Time spent auto-exploring this place.
 F = Levels seen in this place.
 G = Mean time per level.
                   A        B        C        D        E       F      G
               +--------+--------+--------+--------+--------+-----+--------+
         Total |  11593 |  11303 |    290 |   2427 |   6070 |  13 |  891.8 |
       Dungeon |  11046 |  10763 |    283 |   2427 |   5921 |   9 | 1227.3 |
        Temple |     38 |     31 |      7 |      0 |      0 |   1 |   38.0 |
         Abyss |    218 |    218 |      0 |      0 |      0 |   2 |  109.0 |
       Ossuary |    289 |    289 |      0 |      0 |    149 |   1 |  289.0 |
               +--------+--------+--------+--------+--------+-----+--------+

Top non-repeatable levels by time:
     D:9: 2339 daAuts
     D:6: 1860 daAuts
     D:8: 1454 daAuts
     D:5: 1277 daAuts
     D:4: 1056 daAuts
     D:3: 994 daAuts
     D:1: 737 daAuts
     D:2: 673 daAuts
     D:7: 653 daAuts
 Ossuary: 289 daAuts
 Abyss:3: 127 daAuts
 Abyss:2: 90 daAuts
  Temple: 38 daAuts
